 Dungeon Sprint DCSS version 0.16.1-18-g436b03c (webtiles) character file.

26 Vrock the Fighter (level 6, 0/56 HPs)
             Began as a Formicid Fighter on May 16, 2015.
             Was the Champion of Zin.
             Slain by a fire bat (3 damage)
             ... in the Dungeon (Sprint VI: "Thunderdome").
             The game lasted 00:06:48 (216 turns).

Vrock the Fighter (Formicid Fighter)                 Turns: 216, Time: 00:06:48

Health: 0/56       AC:  6    Str: 23    XL:     6   Next: 16%
Magic:  17/17      EV:  8    Int: -1    God:    Zin [******]
Gold:   36         SH:  9    Dex:  5    Spells: 0 memorised, 5 levels left

rFire  + . .     SeeInvis +     a - +0 war axe
rCold  . . .     Clarity  .     b - +0 scale mail
rNeg   + . .     SustAb   .     c - +0 shield
rPois  +         Gourm    .     (helmet unavailable)
rElec  +         Spirit   .     (no cloak)
rCorr  +         Warding  .     (no gloves)
rMut   .         Stasis   +     (no boots)
MR     .....                    m - amulet "Hekhle" {rCorr rElec rPois Dex-5}
Stlth  ..........               o - ring "Kahazis" {Int-3 Stlth+} (curse)
                                p - ring of Temperance {+Blink rPois rF+ rN+ Int-5}

@: lost intelligence, very slow, not resistant to hostile enchantments,
extremely unstealthy
A: permanent stasis, dig shafts and tunnels, four strong arms, antennae 3
a: Dig, Recite, Vitalisation, Imprison, Sanctuary, Cure All Mutations, Renounce
Religion


You were in the Dungeon.
You worshipped Zin.
Zin was exalted by your worship.
You were not hungry.

You visited 1 branch You collected 240 gold pieces.
You spent 180 gold pieces at shops.
You donated 24 gold pieces to Zin.

Inventory:

Hand weapons
 a - a +0 war axe (weapon)
Armour
 b - a +0 scale mail (worn)
 c - a +0 shield (worn)
Jewellery
 m - the amulet "Hekhle" (around neck) {rCorr rElec rPois Dex-5}
   (You bought it in a shop in the Dungeon)

   [amulet of resist corrosion]

   It protects you from acid and corrosion.
   It affects your dexterity (-5).
   It insulates you from electricity.
   It protects you from poison.
 n - the ring of Geodadov {Wiz +Blink rF+ MP+9 Dex-2}
   (You bought it in a shop in the Dungeon)

   [ring of wizardry]

   It improves your spell success rate.
   It affects your dexterity (-2).
   It protects you from fire.
   It affects your magic capacity (+9).
   It lets you blink.
 o - the cursed ring "Kahazis" (right hand) {Int-3 Stlth+}
   (You bought it in a shop in the Dungeon)

   [ring of intelligence]

   It affects your intelligence (-3).
   It makes you more stealthy.
   It has a curse placed upon it.
 p - the ring of Temperance (left hand) {+Blink rPois rF+ rN+ Int-5}
   (You bought it in a shop in the Dungeon)

   [ring of poison resistance]

   It affects your intelligence (-5).
   It protects you from fire.
   It protects you from poison.
   It protects you from negative energy.
   It lets you blink.
Magical devices
 j - a wand of cold (5)
 k - a wand of fire (5)
Scrolls
 l - 3 scrolls of fog
Potions
 e - a potion of might
 f - a potion of curing
 g - 3 potions of heal wounds
 h - a potion of resistance
 i - 2 potions of magic
Comestibles
 d - a bread ration


   Skills:
 + Level 8.2 Fighting
 + Level 6.9 Axes
 - Level 3.4 Armour
 - Level 3.7 Shields
 + Level 7.8 Invocations


You had 5 spell levels left.
You didn't know any spells.

Dungeon Overview and Level Annotations

Branches:
Dungeon (1/1)

Altars:
Cheibriados
Dithmenos
Fedhas
Gozag
Kikubaaqudgha
Makhleb
Okawaru
Qazlal
Ru
Sif Muna
Trog
Vehumet
Xom
Yredelemnul
Zin
The Shining One
Jiyva
Lugonu

Shops:
D *[%??*?*:[((!!!!


Innate Abilities, Weirdness & Mutations

You are under a permanent stasis effect.
You can dig through walls and to a lower floor.
Your four strong arms can wield two-handed weapons with a shield.
You have a pair of large antennae on your head (SInv).


Message History

The fire bat is lightly wounded.
You block the fire bat's attack. The fire bat bites you.
You are engulfed in flames.
You resist.
* * * LOW HITPOINT WARNING * * *
The fire bat closely misses you.
The fire bat bites you but does no damage.
You block the fire bat's attack. You block the fire bat's attack.
The fire bat bites you.
* * * LOW HITPOINT WARNING * * *
You are engulfed in flames.
You resist.
* * * LOW HITPOINT WARNING * * *
The fire bat bites you.
* * * LOW HITPOINT WARNING * * *
You are engulfed in flames.
You resist.
* * * LOW HITPOINT WARNING * * *
The fire bat barely misses you. The fire bat bites you.
* * * LOW HITPOINT WARNING * * *
You are engulfed in flames.
You resist.
You die...

######.8†[.......8.##
##∩___...÷÷.###......_
###∩........8.# #.8.....
##.............###.......
#⌠..........###...###....
#⌠..........# #.<.# #....
#⌠..........###...###....
##.............###.......
###∩...@....8.# #.8.....
##∩..b..†...###......_
######.8.........8.##
#⌠...........⌠#
###.........###
#_......._# #_......._#
#........_# #∩.......∩#


You could see a fire bat.

Vanquished Creatures
  A water moccasin (D)
  Sigmund (D)
  4 adders (D)
  An adder skeleton (D)
  A goblin (D)
  2 giant newts (D)
  A kobold (D)
11 creatures vanquished.

Notes
Turn   | Place    | Note
--------------------------------------------------------------
     0 | D        | Vrock, the Formicid Fighter, began the quest for the Orb.
     0 | D        | Reached XP level 1. HP: 18/18 MP: 1/1
     3 | D        | Found a deep blue altar of Sif Muna.
     3 | D        | Found a corrupted altar of Lugonu.
     5 | D        | Found a blossoming altar of Fedhas.
     5 | D        | Found a shimmering altar of Xom.
     5 | D        | Round 1.
     6 | D        | Found Plog's Distillery.
     6 | D        | Found Zoil's Distillery.
     6 | D        | Found a glowing silver altar of Zin.
     6 | D        | Found an ancient bone altar of Kikubaaqudgha.
     7 | D        | Found Oqaikh's Bottled Wisdom.
     7 | D        | Found Kengoery's Do-It-Yourself Clinic.
     9 | D        | Found a shadowy altar of Dithmenos.
    13 | D        | Became a worshipper of Zin the Law-Giver
    13 | D        | Acquired Zin's first power
    13 | D        | Acquired Zin's second power
    13 | D        | Acquired Zin's third power
    13 | D        | Acquired Zin's fourth power
    18 | D        | Found a burning altar of Makhleb.
    19 | D        | Found a stormy altar of Qazlal.
    19 | D        | Found Mnegampu's Weapon Rack.
    20 | D        | Found Saungiad's Basic Armour.
    21 | D        | Found a snail-covered altar of Cheibriados.
    22 | D        | Found an opulent altar of Gozag.
    24 | D        | Found Cutigein's Premium Goods.
    24 | D        | Found Mneahesoll's Miscellaneous Merchandise.
    27 | D        | Found a sacrificial altar of Ru.
    34 | D        | Reached skill level 4 in Fighting
    34 | D        | Reached skill level 1 in Invocations
    37 | D        | Found Inuwonah's Identification Station.
    39 | D        | Found Notz's Advanced Armour.
    40 | D        | Found a glowing golden altar of the Shining One.
    41 | D        | Found an iron altar of Okawaru.
    42 | D        | Found a viscous altar of Jiyva.
    43 | D        | Found Topuith's Jewellery.
    43 | D        | Found Xaythrarche's Bee Food.
    44 | D        | Found a basalt altar of Yredelemnul.
    45 | D        | Found a radiant altar of Vehumet.
    45 | D        | Noticed Sigmund
    46 | D        | Found a bloodstained altar of Trog.
    47 | D        | Found Tavun's Magic Scroll Shop.
    53 | D        | Found Tafoetov's Magic Scroll Shop.
    58 | D        | Killed Sigmund
    58 | D        | Reached skill level 6 in Fighting
    58 | D        | Reached skill level 5 in Invocations
    58 | D        | Reached XP level 2. HP: 17/28 MP: 2/5
    58 | D        | Reached XP level 3. HP: 20/34 MP: 2/7
    58 | D        | Reached XP level 4. HP: 23/40 MP: 2/9
    59 | D        | Reached skill level 5 in Axes
    69 | D        | Bought a transparent golden amulet for 45 gold pieces
    69 | D        | Identified the amulet "Hekhle" {rCorr rElec rPois Dex-5} (You bought it in a shop in the Dungeon)
    70 | D        | Bought a bound steel ring for 45 gold pieces
    70 | D        | Identified the ring of Geodadov {Wiz +Blink rF+ MP+9 Dex-2} (You bought it in a shop in the Dungeon)
    71 | D        | Bought a heavily runed tin ring for 45 gold pieces
    71 | D        | Identified the cursed ring "Kahazis" {Int-3 Stlth+} (You bought it in a shop in the Dungeon)
    72 | D        | Bought a twitching steel ring for 45 gold pieces
    73 | D        | Lost intelligence.
    73 | D        | Identified the ring of Temperance {+Blink rPois rF+ rN+ Int-5} (You bought it in a shop in the Dungeon)
    90 | D        | Arena points: 14 (+14) [x2]
    91 | D        | Found Biarigoffo's Staff Store.
    91 | D        | Found Shefyd's Must-Have Magic.
   109 | D        | Round 2.
   170 | D        | Noticed a water moccasin
   178 | D        | Killed a water moccasin
   178 | D        | Reached skill level 7 in Fighting
   178 | D        | Reached XP level 5. HP: 23/49 MP: 11/14
   178 | D        | Reached XP level 6. HP: 26/56 MP: 12/16
   178 | D        | Reached skill level 8 in Fighting
   197 | D        | Arena points: 26 (+12) [x1]
   204 | D        | Round 3.
   205 | D        | Noticed a fire bat
   216 | D        | Slain by a fire bat

Action                   |  1- 3 |  4- 6 || total
-------------------------+-------+-------++-------
Melee: War axe           |    18 |    26 ||    44
Invok: Vitalisation      |       |     2 ||     2
  Use: Potion            |     1 |       ||     1
